 Dungeon Crawl Stone Soup version 0.28.0-53-g5a82cb258f (webtiles) character file.

Game seed: 4887598115941852996

23360 unlimited1921 the Thaumaturge (level 13, -8/80 HPs)
             Began as a Djinni Fire Elementalist on July 8, 2022.
             Was an Initiate of Gozag.
             Mangled by a slime creature (21 damage)
             ... on level 12 of the Dungeon.
             The game lasted 01:56:48 (26022 turns).

unlimited1921 the Thaumaturge (DjFE)               Turns: 26022, Time: 01:56:48

Health: -8/80      AC: 10    Str:  9    XL:     13   Next: 34%
Gold:   2012       EV: 14    Int: 22    God:    Gozag SH:  5 Dex: 19

rFire   + + +      SeeInvis +   H - +6 dagger (flame)
rCold   x x .      Faith    .   U - orb {mayhem}
rNeg    . . .      Spirit   .   m - +0 scale mail "Nurrile" {Drain Dex+5}
rPois   ∞          Reflect  +   X - +2 hat {Stlth+}
rElec   .          Harm     .   (no cloak)
rCorr   .          Rampage  .   (no gloves)
Will    +....                   (boots unavailable)
Stlth   +++.......              F - amulet of reflection
HPRegen 0.23/turn               Q - ring of Xom's Passing Interest {Fire Str+2 SInv}
MPRegen 0.00/turn               E - +4 ring of evasion

@: flying
A: sickness immunity, fire resistance 2, cold vulnerability 1, float, innate
caster, HP casting, extra vitality 1
a: Renounce Religion, Potion Petition, Call Merchant, Bribe Branch


You were on level 12 of the Dungeon.
You worshipped Gozag.
Gozag was most pleased with you.
You visited 2 branches of the dungeon, and saw 14 of its levels.

You collected 2182 gold pieces.
You spent 28 gold pieces at shops.
You paid 142 gold pieces to Gozag.

Inventory:

Hand Weapons
 e - a +1 dagger of venom
 f - the +1 lajatang of Wepnexeeq {holy, rN+ Stlth+}
   (You found it on level 8 of the Dungeon)

   It has been blessed by the Shining One to cause great damage to the undead
   and demons.
   rN:        It protects you from negative energy.
   Stlth:     It makes you more stealthy.
 r - a +2 rapier of venom
 D - a +2 scimitar of flaming
 H - a +6 dagger of flaming (weapon)
 O - a +2 rapier of electrocution
Missiles
 b - 87 bolts
 c - 5 boomerangs of dispersal
 g - 17 boomerangs
 h - 323 stones
 j - 16 atropa-tipped darts
 z - a curare-tipped dart
 C - 8 javelins
 R - 15 poisoned darts
Armour
 m - the +0 scale mail "Nurrile" (worn) {Drain Dex+5}
   (You found it on level 7 of the Dungeon)

   Dex:       It affects your dexterity (+5).
   Drain:     It drains your maximum health when unequipped.
 t - the +4 ring mail of the Gloaming {rElec rPois}
   (You took it off an orc on level 3 of the Dungeon)

   rElec:     It insulates you from electricity.
   rPois:     It protects you from poison.
 A - a +0 buckler
 K - a +2 robe of the Archmagi
 M - an orb of wrath
 U - an orb of mayhem (worn)
 W - the +2 ring mail "Deugezi" {rElec rN+}
   (You took it off an orc warrior on level 10 of the Dungeon)

   rElec:     It insulates you from electricity.
   rN:        It protects you from negative energy.
 X - a +2 hat of stealth (worn)
 Y - a +2 hat of willpower
Jewellery
 p - a ring of ice
 E - a +4 ring of evasion (right hand)
 F - an amulet of reflection (around neck)
 N - a +4 ring of protection
 Q - the ring of Xom's Passing Interest (left hand) {Fire Str+2 SInv}
   (You found it on level 6 of the Dungeon)

   [ring of fire]

   It enhances your fire magic.
   Str:       It affects your strength (+2).
   rF:        It protects you from fire.
   rC:        It makes you vulnerable to cold.
   SInv:      It lets you see invisible.
Wands
 a - a wand of paralysis (4)
 w - a wand of acid (5) (quivered)
 L - a wand of flame (24)
 Z - a wand of charming (8)
Scrolls
 n - a scroll of teleportation
 q - 2 scrolls of holy word
 s - a scroll of amnesia {unknown}
 u - 2 scrolls of fog
 v - 2 scrolls of noise {unknown}
 x - 2 scrolls of silence
 y - a scroll of fear {unknown}
 B - 3 scrolls of magic mapping {unknown}
 P - a scroll of enchant armour {unknown}
 S - a scroll of summoning
Potions
 d - a potion of curing
 i - 2 potions of cancellation
 k - a potion of attraction {unknown}
 l - a potion of haste
 o - 2 potions of resistance
 I - a potion of berserk rage {unknown}
 J - a potion of brilliance {unknown}
 V - 2 potions of mutation {unknown}


   Skills:
 + Level 2.3 Fighting
 - Level 2.8 Short Blades
 - Level 3.4 Staves
 + Level 0.5 Throwing
 + Level 8.6 Armour
 + Level 4.2 Dodging
 + Level 4.2 Stealth
 + Level 3.2 Shields
 + Level 13.9 Spellcasting


You had 6 spell levels left.
You knew the following spells:

 Your Spells              Type           Power      Damage    Failure   Level
a - Foxfire               Conj/Fire      100%       2x1d9     1%          1
b - Scorch                Fire           100%       2d10      1%          2
c - Conjure Flame         Conj/Fire      86%        6-21      1%          3
d - Inner Flame           Hex/Fire       86%        N/A       1%          3
e - Flame Wave            Conj/Fire      86%        2d15      1%          4
f - Shock                 Conj/Air       100%       1d9       1%          1
g - Call Imp              Summ           66%        N/A       1%          2
h - Teleport Other        Tloc           66%        N/A       1%          3
i - Hailstorm             Conj/Ice       66%        3d14      1%          4
j - Blade Hands           Tmut           33%        N/A       2%          5
k - Yara's Violent Unrav  Hex/Tmut       33%        3d14      2%          5
Your spell library was empty.

Dungeon Overview and Level Annotations

Branches:
Dungeon (13/15)            Temple (1/1) D:7            Lair (0/6) D:10
    Orc (0/2) D:9
 Vaults: D:13-14

Altars:
Ashenzari
Cheibriados
Dithmenos
Elyvilon
Fedhas
Gozag
Hepliaklqana
Kikubaaqudgha
Makhleb
Nemelex Xobeh
Okawaru
Qazlal
Ru
Sif Muna
Trog
Uskayaw
Vehumet
Wu Jian
Xom
Yredelemnul
Zin
The Shining One

Shops:
D:1 *

Annotations:
D:12 1 transporter


Innate Abilities, Weirdness & Mutations

You are immune to sickness and miasma.
You are immune to poison.
Your flesh is very heat resistant. (rF++)
You are vulnerable to cold. (rC-)
You float through the air rather than walking.
You learn spells naturally, not from books.
Your magical power is your life essence.
You have superior vitality. (+4 MHP)


Message History

The vampire mosquito explodes!
The fiery explosion engulfs the slime creature!
The slime creature is lightly wounded.
The slime creature is engulfed in blazing flames.
The foxfire hits the slime creature!
The slime creature is moderately wounded.
Casting: Foxfire (safe; 1% risk of failure)
Confirm with . or Enter, or press ? or * to list all spells.
Aiming: Inner Flame (safe; 1% risk of failure)
Press: ? - help, Dir - move target, f - slime creature
Aim: a slime creature (flame, moderately wounded, fast, strong, frenzied and insane, chance to affect: 94%)
You feel a surge of power!
The slime creature is filled with an inner flame.
The slime creature is engulfed in blazing flames.
Flame seeps out of the slime creature.
The slime creature is engulfed in blazing flames.
Flame seeps out of the slime creature.
The slime creature is engulfed in blazing flames.
Flame seeps out of the slime creature.
The slime creature is engulfed in blazing flames.
Flame seeps out of the slime creature.
The swamp worm is distracted by your dazzling golden aura.
Casting: Inner Flame (safe; 1% risk of failure)
Confirm with . or Enter, or press ? or * to list all spells.
You feel a surge of power!
You conjure some foxfire!
The swamp worm is no longer distracted by gold.
The slime creature hits you!!
The foxfire hits the slime creature.
Flame seeps out of the slime creature.
The slime creature is almost dead.
The foxfire hits the slime creature.
Flame seeps out of the slime creature.
The slime creature is almost dead.
The slime creature is engulfed in blazing flames.
Flame seeps out of the slime creature.
The slime creature hits you!!
* * * LOW HITPOINT WARNING * * *
You feel better. The slime creature misses you.
The slime creature barely misses you. The slime creature barely misses you.
The slime creature hits you!!
You die...
Your body crumbles into a pile of gold.

♣≈P^☼###........
.###☼^P≈♣#........
#w≈P^P§##........
##≈P^P≈w#........ ..
w≈P^P≈##........ ...#
#P©P###...$$...
#..#####....###### #.
#...©J....##
##...#####@#######
..................
########..........
#...#######
##############...#####
......................
).....................
######################


You could see 2 swamp worms and a neutral slime creature (fast, inner flame,
strong, insane).

Vanquished Creatures
  A hydra (D:11)
  Erica (D:9)
  2 two-headed ogres
  A centaur warrior (D:13)
  A death knight (D:13)
  A phantasmal warrior (D:13)
  2 cyclopes
  2 deep elf pyromancers (D:10)
  A deep elf zephyrmancer (D:10)
  A wolf spider (D:11)
  2 manticores
  3 gargoyles
  A cane toad (shapeshifter) (D:10)
  2 unseen horrors
  A freezing wraith (D:13)
  6 trolls
  A hornet (D:6)
  A raiju (shapeshifter) (D:13)
  A slime creature (D:13)
  3 wyverns
  11 yaks (D:10)
  4 wraiths
  2 shadows
  A vampire (D:13)
  4 vampire mosquitoes (D:12)
  A steam dragon (D:8)
  A two-headed ogre zombie (D:9)
  4 water moccasins
  3 acid dragons
  Duvessa (D:5)
  14 orc warriors
  A swamp drake (D:10)
  A sky beast (D:6)
  3 ice beasts
  A black bear (D:5)
  2 necrophages (D:5)
  5 ogres
  7 centaurs
  2 phantoms
  2 kobold brigands
  2 gnoll sergeants
  3 bullfrogs
  A wyvern zombie (D:9)
  3 scorpions
  A water moccasin skeleton (D:6)
  Dowan (D:5)
  15 killer bees
  A troll zombie (D:9)
  A howler monkey (D:8)
  A crimson imp (D:10)
  2 bullfrog zombies
  8 centaur zombies
  2 hounds
  An iron imp (D:10)
  4 orc priests
  3 iguanas
  A scorpion zombie (D:5)
  14 orc wizards
  6 ogre zombies (D:9)
  2 howler monkey zombies
  3 adders
  2 shadow imps
  A worm (D:3)
  2 dart slugs
  57 orcs
  6 bats
  7 endoplasms
  3 giant cockroaches (D:2)
  5 goblins
  3 hobgoblins
  5 jackals
  4 kobolds
  3 quokkas
  9 ball pythons
  4 frilled lizards
  4 goblin skeletons (D:9)
  5 goblin zombies (D:9)
  A hobgoblin skeleton (D:9)
  3 hobgoblin zombies (D:9)
  An orc skeleton (D:9)
  11 orc zombies (D:9)
  10 rats
325 creatures vanquished.

Vanquished Creatures (collateral kills)
  A great orb of eyes (shapeshifter) (D:11)
  A slime creature (D:13)
  2 yaks (D:10)
  A redback (shapeshifter) (D:13)
  An orc priest (D:10)
  An orc wizard (D:10)
  3 orcs
10 creatures vanquished.

Vanquished Creatures (others)
  A deep elf pyromancer (D:13)
  A yak (D:10)
  A white imp (D:10)
  6 orcs
  519 foxfires
  4 plants (D:7)
  3 withered plants (D:3)
535 creatures vanquished.

Grand Total: 870 creatures vanquished

Notes
Turn   | Place    | Note
-------+----------+-------------------------------------------
     0 | D:1      | unlimited1921 the Djinni Fire Elementalist began the quest
                  | for the Orb.
     0 | D:1      | Reached XP level 1. HP: 15/15 MP: 0/0
   206 | D:1      | Reached XP level 2. HP: 14/21 MP: 0/0
   639 | D:1      | Found Nucowene's General Store.
   766 | D:1      | Bought a scroll of identify for 28 gold pieces
  1376 | D:1      | Reached skill level 3 in Spellcasting
  1619 | D:1      | Reached XP level 3. HP: 19/25 MP: 0/0
  1619 | D:1      | Learned a level 1 spell: Shock
  3806 | D:2      | Reached XP level 4. HP: 28/31 MP: 0/0
  4880 | D:3      | Identified the +4 ring mail of the Gloaming {rElec rPois}
  5104 | D:3      | Found a faded altar of an unknown god.
  6005 | D:4      | Reached XP level 5. HP: 26/35 MP: 0/0
  6005 | D:4      | Learned a level 2 spell: Call Imp
  6290 | D:4      | Noticed a kobold brigand
  6295 | D:4      | Killed a kobold brigand
  6296 | D:4      | Reached skill level 4 in Spellcasting
  6625 | D:4      | Reached XP level 6. HP: 34/40 MP: 0/0
  7145 | D:5      | Entered Level 5 of the Dungeon
  7152 | D:5      | Noticed a black bear
  7154 | D:5      | Noticed a necrophage
  7156 | D:5      | Killed a black bear
  7160 | D:5      | Killed a necrophage
  7161 | D:5      | Reached skill level 1 in Armour
  7161 | D:5      | Reached skill level 5 in Spellcasting
  7161 | D:5      | Reached XP level 7. HP: 29/45 MP: 0/0
  7161 | D:5      | Learned a level 3 spell: Teleport Other
  8659 | D:5      | Reached skill level 6 in Spellcasting
  8666 | D:5      | Reached XP level 8. HP: 27/50 MP: 0/0
  8852 | D:5      | Noticed Duvessa
  8853 | D:5      | Noticed Dowan
  8858 | D:5      | Killed Duvessa
  8864 | D:5      | Killed Dowan
  9074 | D:5      | Reached skill level 7 in Spellcasting
 10696 | D:6      | Reached skill level 1 in Fighting
 10696 | D:6      | Reached XP level 9. HP: 47/57 MP: 0/0
 10696 | D:6      | Learned a level 4 spell: Hailstorm
 10953 | D:6      | Reached skill level 8 in Spellcasting
 11162 | D:6      | Noticed a hornet
 11166 | D:6      | Killed a hornet
 11166 | D:6      | Killed a gargoyle
 11167 | D:6      | Reached skill level 1 in Shields
 11521 | D:6      | Identified the ring of Xom's Passing Interest {Fire Str+2
                  | SInv}
 11720 | D:7      | Reached skill level 9 in Spellcasting
 11728 | D:7      | Reached XP level 10. HP: 16/62 MP: 0/0
 11982 | D:6      | Reached skill level 1 in Short Blades
 12783 | D:7      | Found a staircase to the Ecumenical Temple.
 13215 | D:7      | Noticed an unseen horror
 13220 | D:7      | Killed an unseen horror
 13221 | D:7      | Reached skill level 10 in Spellcasting
 14034 | D:8      | Identified the +1 lajatang of Wepnexeeq {holy, rN+ Stlth+}
 14557 | D:7      | Identified the +0 scale mail "Nurrile" {Drain Dex+5}
 14561 | Temple   | Entered the Ecumenical Temple
 14613 | Temple   | Became a worshipper of Gozag Ym Sagoz the Greedy
 15094 | D:9      | Reached skill level 5 in Armour
 15263 | D:9      | Reached skill level 1 in Staves
 15867 | D:9      | Reached XP level 11. HP: 50/67 MP: 0/0
 15867 | D:9      | Learned a level 5 spell: Blade Hands
 16366 | D:9      | Found a staircase to the Orcish Mines.
 16972 | D:9      | Noticed Erica
 16986 | D:9      | Killed Erica
 16987 | D:9      | Reached skill level 11 in Spellcasting
 17614 | D:10     | Entered Level 10 of the Dungeon
 18387 | D:10     | Noticed a deep elf pyromancer
 18390 | D:10     | Killed a deep elf pyromancer
 18424 | D:10     | Identified the +2 ring mail "Deugezi" {rElec rN+}
 18855 | D:10     | Found a broken altar of Ashenzari.
 18885 | D:10     | Found a staircase to the Lair.
 19100 | D:10     | Noticed a manticore
 19123 | D:10     | Killed a manticore
 19578 | D:10     | Identified the +9 plate armour of the End {rCorr Int+4}
 19805 | D:10     | Reached XP level 12. HP: 66/74 MP: 0/0
 20619 | D:10     | Found an ornate altar of the Wu Jian Council.
 20619 | D:10     | Found a bloodstained altar of Trog.
 20619 | D:10     | Found a snail-covered altar of Cheibriados.
 20620 | D:10     | Found an iron altar of Okawaru.
 20687 | D:10     | Found a stormy altar of Qazlal.
 20688 | D:10     | Found a hide-covered altar of Uskayaw.
 20772 | D:10     | Reached skill level 12 in Spellcasting
 22590 | D:11     | Noticed a seven-headed hydra
 23332 | D:11     | Noticed a two-headed ogre
 23342 | D:11     | Killed a two-headed ogre
 23354 | D:11     | Killed a seven-headed hydra
 23543 | D:11     | Noticed a great orb of eyes
 23554 | D:11     | Killed a great orb of eyes
 23555 | D:11     | Reached skill level 13 in Spellcasting
 24283 | D:12     | You are sucked into a shaft and drop 1 floor!
 24446 | D:13     | Reached XP level 13. HP: 66/80 MP: 0/0
 24446 | D:13     | Learned a level 5 spell: Yara's Violent Unravelling
 24653 | D:13     | Noticed a catoblepas
 25470 | D:13     | Noticed a centaur warrior
 25478 | D:13     | Killed a centaur warrior
 25969 | D:12     | Found a transporter.
 26016 | D:12     | HP: 3/80 [slime creature (23)]
 26022 | D:12     | Mangled by a slime creature

Illustrated notes

Levels and vault maps discovered:
D:1:      dpeg_arrival_rooms_with_view, layout_rooms, serial_shops,
          shop_fountains
D:2:      layout_basic
D:3:      layout_basic, ebering_ecumenical_altar_petrified
D:4:      layout_loops_ring
D:5:      layout_basic, uniq_duvessa
D:6:      layout_loops_cross, chequers_mini_garden, st_stairs_14
D:7:      hellmonk_ruined_rings, layout_basic, minmay_temple_entry_from_below_a,
          serial_curves, eino_curves_02, eino_curves_03, minmay_shattered_shrine
D:8:      layout_basic
D:9:      layout_loops_corners, zombieorc2_lemuel, serial_glass,
          glass_columns_a, glass_columns_a, feat_on_display, item_on_display_a,
          kennysheep_generic_room_11, uniq_erica
D:10:     hangedman_cross_stitches, layout_loops_corners,
          grunt_temple_overflow_open, cheibrodos_ashenzari_chains, special_room
          [special_room_orc], hangedman_minor_magic
D:11:     minmay_opposing_rooms, layout_loops_ring
D:12:     gammafunk_worm_tunnel, layout_long_grid,
          portal_ice_cave_entry_pillars_1, st_stairs_1, uniq_kirke
D:13:     minmay_blocky_corners, layout_irregular_city, david_vaults_4,
          lemuel_blue_sif_altar
Temple:   regret_index_temple_waves

Skill      XL: |  1  2  3  4  5  6  7  8  9 10 11 12 |
---------------+-------------------------------------+-----
Spellcasting   | 3 4 5 6 7 9 10 11 13 | 13.9
Stealth        | 2 3 4 |  4.2
Armour         | 1 2 3 5 6 8 |  8.6
Dodging        | 3 4 |  4.2
Fighting       | 1 2 |  2.3
Shields        | 1 2 3 |  3.2
Short Blades   | 1 2 |  2.8
Staves         | 1 3 |  3.4
Throwing       | |  0.5

Action                   |  1- 3 |  4- 6 |  7- 9 | 10-12 | 13-15 || total
-------------------------+-------+-------+-------+-------+-------++-------
Melee: Mace              |       |       |     1 |       |       ||     1
       Dagger            |       |       |     2 |    93 |     3 ||    98
Throw: Boomerang         |     1 |       |     3 |       |       ||     4
 Cast: Foxfire           |    76 |    41 |    58 |   143 |    15 ||   333
       Scorch            |     1 |    24 |    43 |   104 |     2 ||   174
       Inner Flame       |     1 |       |    32 |   104 |    18 ||   155
       Call Imp          |       |     1 |     1 |    14 |     3 ||    19
       Shock             |       |       |    10 |    70 |       ||    80
       Teleport Other    |       |       |     1 |     1 |     2 ||     4
       Hailstorm         |       |       |       |    30 |    12 ||    42
       Flame Wave        |       |       |       |     1 |       ||     1
       Yara's Violent Un |       |       |       |       |     2 ||     2
Evoke: Wand              |       |       |       |     2 |       ||     2
  Use: Scroll            |     1 |     6 |       |     5 |     1 ||    13
       Potion            |       |       |       |     2 |     5 ||     7
 Stab: Sleeping          |       |       |       |     1 |       ||     1
Armor: Robe              |     3 |     2 |       |       |       ||     5
       Leather armour    |       |     1 |     2 |       |       ||     3
       Ring mail         |       |       |    12 |     4 |       ||    16
       Scale mail        |       |       |       |    45 |     3 ||    48
Dodge: Dodged            |     3 |     4 |    31 |   103 |    10 ||   151
Block: Other             |       |       |     9 |       |       ||     9
       Reflection        |       |       |     2 |     4 |     3 ||     9
       Orb               |       |       |     4 |    40 |     4 ||    48
